A - U25
JONESBORO GROWLERS @ ROME BRAVES
07/15/2052
 
TOP OF THE 1ST
Columbia Fireflies batting - Pitching for Columbus Catfish : RHP Miguel Valdez
Pitching: RHP Miguel Valdez
Batting: RHB Prospero Tortola 0-0: Ball
1-0: Foul Ball, location: 2F
1-1: Ground out 6-3 (Groundball, 56, EV 108.1 MPH)
Batting: RHB Jackson Maul 0-0: Swinging Strike
0-1: Called Strike
0-2: Ball
1-2: Ball
2-2: Ball
3-2: Strikes out swinging
Batting: SHB Werner Gather 0-0: Called Strike
0-1: Swinging Strike
0-2: Strikes out swinging
Top of the 1st over - 0 runs, 0 hits, 0 errors, 0 left on base; Columbia 0 - Columbus 0
BOTTOM OF THE 1ST
Columbus Catfish batting - Pitching for Columbia Fireflies : RHP Pete McHugh
Pitching: RHP Pete McHugh
Batting: RHB Iravan Logsdon 0-0: Called Strike
0-1: SOLO HOME RUN (Flyball, 7D, EV 94.4 MPH), Distance : 369 ft
Batting: SHB Dylan Drammeh 0-0: Called Strike
0-1: Fly out, F9 (Flyball, 89S, EV 90.0 MPH)
Batting: LHB Gordon Gladfelter 0-0: Ball
1-0: Foul Ball, location: 2F
1-1: Ball
2-1: Foul Ball, location: 2F
2-2: Foul Ball, location: 2F
2-2: Ball
3-2: Foul Ball, location: 2F
3-2: Ground out U3 (Groundball, 3, EV 86.2 MPH)
Batting: RHB Alex Hill 0-0: Ball
1-0: Foul Ball, location: 2F
1-1: Swinging Strike
1-2: Ball
2-2: Foul Ball, location: 2F
2-2: Foul Ball, location: 2F
2-2: Fly out, F7 (Line Drive, 78M, EV 86.9 MPH)
Bottom of the 1st over - 1 run, 1 hit, 0 errors, 0 left on base; Columbia 0 - Columbus 1
TOP OF THE 2ND
Columbia Fireflies batting - Pitching for Columbus Catfish : RHP Miguel Valdez
Batting: RHB Steele Rodgers 0-0: Called Strike
0-1: Ball
1-1: Ball
2-1: Ball
3-1: Base on Balls
Batting: LHB Cosmo Cullum 0-0: Foul Ball, location: 2F
0-1: Called Strike
0-2: Ball
1-2: Ball
2-2: Foul Ball, location: 2F
2-2: Ball
3-2: Strikes out looking
Batting: RHB Lonzo Soper 0-0: Ball
1-0: Foul Ball, location: 2F
1-1: Called Strike
Pickoff Throw to First - Out! 1-3 CS
1-2: Foul Ball, location: 2F
1-2: Fly out, F9 (Flyball, 9S, EV 92.5 MPH)
Top of the 2nd over - 0 runs, 0 hits, 0 errors, 0 left on base; Columbia 0 - Columbus 1
BOTTOM OF THE 2ND
Columbus Catfish batting - Pitching for Columbia Fireflies : RHP Pete McHugh
Batting: SHB Bentley Heider 0-0: Ball
1-0: Swinging Strike
1-1: Ball
2-1: Foul Ball, location: 2F
2-2: Ball
3-2: Fly out, F9 (Line Drive, 89S, EV 92.5 MPH)
Batting: LHB Josh Vaughan 0-0: Ground out 4-3 (Groundball, 4, EV 91.9 MPH)
Batting: RHB Yordanys Marte 0-0: Called Strike
0-1: Ground out 1-3 (Groundball, P, EV 70.0 MPH)
Bottom of the 2nd over - 0 runs, 0 hits, 0 errors, 0 left on base; Columbia 0 - Columbus 1
TOP OF THE 3RD
Columbia Fireflies batting - Pitching for Columbus Catfish : RHP Miguel Valdez
Batting: RHB Josh Hannes 0-0: Ball
1-0: Called Strike
1-1: Foul Ball, location: 2F
1-2: SINGLE (Flyball, 5D, EV 85.0 MPH)
Batting: RHB Cy Méndez 0-0: Ball
1-0: Swinging Strike
1-1: Called Strike
1-2: Strikes out swinging
Batting: SHB Michael Skinner 0-0: Ball
1-0: Called Strike
1-1: Ball
2-1: Foul Ball, location: 2F
2-2: Ball
3-2: Foul Ball, location: 2F
3-2: Grounds into double play, 4-6-3 (Groundball, 34, EV 107.5 MPH)
Top of the 3rd over - 0 runs, 1 hit, 0 errors, 0 left on base; Columbia 0 - Columbus 1
BOTTOM OF THE 3RD
Columbus Catfish batting - Pitching for Columbia Fireflies : RHP Pete McHugh
Batting: LHB Ken Foster 0-0: Called Strike
0-1: SINGLE (Line Drive, 89M, EV 89.4 MPH)
Batting: SHB Trent Carter 0-0: Called Strike
0-1: Swinging Strike
0-2: Ball
1-2: Foul Ball, location: 2F
1-2: Ball
2-2: Strikes out looking
Batting: RHB Iravan Logsdon 0-0: Ball
1-0: Ball
2-0: Ball
3-0: Called Strike
3-1: Foul Ball, location: 2F
3-2: Foul Ball, location: 2F
3-2: Base on Balls
Ken Foster to second
Batting: SHB Dylan Drammeh 0-0: Called Strike
0-1: Called Strike
0-2: Ball
1-2: Ball
2-2: Foul Ball, location: 2F
2-2: Foul Ball, location: 2F
2-2: Ball
3-2: Base on Balls
Ken Foster to third
Iravan Logsdon to second
Batting: LHB Gordon Gladfelter 0-0: Called Strike
0-1: Called Strike
0-2: Fielders Choice at 2nd, 3-6 (Groundball, 3, EV 89.4 MPH)
Ken Foster scores
Iravan Logsdon to third
Batting: RHB Alex Hill 0-0: Foul Ball, location: 2F
0-1: SINGLE (Groundball, 6D, EV 110.6 MPH)
Iravan Logsdon scores
Gordon Gladfelter to second
Batting: SHB Bentley Heider 0-0: Fly out, F8 (Flyball, 89M, EV 85.6 MPH)
Bottom of the 3rd over - 2 runs, 2 hits, 0 errors, 2 left on base; Columbia 0 - Columbus 3
TOP OF THE 4TH
Columbia Fireflies batting - Pitching for Columbus Catfish : RHP Miguel Valdez
Batting: RHB Prospero Tortola 0-0: Ball
1-0: Ball
2-0: Ball
3-0: Called Strike
3-1: Called Strike
3-2: Base on Balls
Batting: RHB Jackson Maul 0-0: Ball
1-0: Ball
Prospero Tortola steals 2nd, throwing error, E2
Prospero Tortola to third
2-0: Foul Ball, location: 2F
2-1: Called Strike
2-2: Foul Ball, location: 2F
2-2: Foul Ball, location: 2F
2-2: Strikes out swinging
Batting: SHB Werner Gather 0-0: Ball
1-0: Swinging Strike
1-1: Foul Ball, location: 2F
1-2: Foul Ball, location: 2F
1-2: Foul Ball, location: 2F
1-2: Ground out 5-3 (Groundball, 5, EV 84.4 MPH)
Batting: RHB Steele Rodgers 0-0: Called Strike
0-1: Ball
Wild Pitch!
Prospero Tortola scores
1-1: Ball
2-1: Swinging Strike
2-2: Ground out 5-3 (Groundball, 5, EV 83.1 MPH)
Top of the 4th over - 1 run, 0 hits, 1 error, 0 left on base; Columbia 1 - Columbus 3
BOTTOM OF THE 4TH
Columbus Catfish batting - Pitching for Columbia Fireflies : RHP Pete McHugh
Batting: LHB Josh Vaughan 0-0: Ball
1-0: Foul Ball, location: 2F
1-1: Ground out 4-3 (Groundball, 34, EV 102.5 MPH)
Batting: RHB Yordanys Marte 0-0: Ball
1-0: Called Strike
1-1: SINGLE (Groundball, 34D, EV 106.2 MPH)
Batting: LHB Ken Foster 0-0: Swinging Strike
0-1: Called Strike
0-2: Strikes out swinging
Batting: SHB Trent Carter 0-0: Ball
1-0: Called Strike
1-1: Ball
Yordanys Marte steals 2nd base
2-1: Ball
3-1: Base on Balls
Batting: RHB Iravan Logsdon 0-0: Foul Ball, location: 2F
0-1: Foul Ball, location: 2F
0-2: Ball
1-2: Fielders Choice at 2nd, 6-4 (Groundball, 6, EV 100.6 MPH)
Bottom of the 4th over - 0 runs, 1 hit, 0 errors, 2 left on base; Columbia 1 - Columbus 3
TOP OF THE 5TH
Columbia Fireflies batting - Pitching for Columbus Catfish : RHP Miguel Valdez
Batting: LHB Cosmo Cullum 0-0: Swinging Strike
0-1: SINGLE (Groundball, 34D, EV 104.4 MPH) (infield hit)
Batting: RHB Lonzo Soper 0-0: Ball
1-0: Fielders Choice at 2nd, 5-4 (Groundball, 56, EV 104.4 MPH)
Batting: RHB Josh Hannes 0-0: Ball
1-0: Called Strike
1-1: Ball
2-1: Ball
3-1: Called Strike
3-2: Base on Balls
Lonzo Soper to second
Batting: RHB Cy Méndez 0-0: Ball
Lonzo Soper steals 3rd base
Josh Hannes to second
1-0: Called Strike
1-1: Ball
2-1: Foul Ball, location: 2F
2-2: Ball
3-2: Fly out, F7 (Line Drive, 78M, EV 87.5 MPH)
Pitching: LHP Marco Avila
Batting: SHB Michael Skinner 0-0: Ball
1-0: Ball
2-0: Foul Ball, location: 2F
2-1: Fly out, F9 (Flyball, 8RS, EV 86.9 MPH)
Top of the 5th over - 0 runs, 1 hit, 0 errors, 2 left on base; Columbia 1 - Columbus 3
BOTTOM OF THE 5TH
Columbus Catfish batting - Pitching for Columbia Fireflies : RHP Pete McHugh
Batting: SHB Dylan Drammeh 0-0: Ball
1-0: Foul Ball, location: 2F
1-1: Foul Ball, location: 2F
1-2: Foul Ball, location: 2F
1-2: Strikes out looking
Batting: LHB Gordon Gladfelter 0-0: Ball
1-0: Called Strike
1-1: Foul Ball, location: 2F
1-2: Ground out U3 (Groundball, 3S, EV 82.5 MPH)
Batting: RHB Alex Hill 0-0: Called Strike
0-1: Called Strike
0-2: Strikes out swinging
Bottom of the 5th over - 0 runs, 0 hits, 0 errors, 0 left on base; Columbia 1 - Columbus 3
TOP OF THE 6TH
Columbia Fireflies batting - Pitching for Columbus Catfish : LHP Marco Avila
Batting: RHB Prospero Tortola 0-0: Ball
1-0: Ball
2-0: Ground out 1-3 (Groundball, 15S, EV 65.0 MPH)
Batting: RHB Jackson Maul 0-0: Called Strike
0-1: SINGLE (Line Drive, 8LS, EV 108.8 MPH)
Batting: SHB Werner Gather 0-0: Ball
1-0: Foul Ball, location: 2F
1-1: Ball
2-1: Called Strike
2-2: Strikes out swinging
Batting: RHB Steele Rodgers 0-0: Ball
1-0: Ball
2-0: Ball
3-0: Base on Balls
Jackson Maul to second
Batting: LHB Cosmo Cullum 0-0: Ball
1-0: Foul Ball, location: 2F
1-1: Called Strike
1-2: Foul Ball, location: 2F
1-2: SINGLE (Groundball, 34D, EV 106.2 MPH)
Jackson Maul to third
Steele Rodgers to second
Runner from 3rd tries for Home, throw by RF and OUT! 9-2
Top of the 6th over - 0 runs, 2 hits, 0 errors, 2 left on base; Columbia 1 - Columbus 3
BOTTOM OF THE 6TH
Columbus Catfish batting - Pitching for Columbia Fireflies : RHP Pete McHugh
Pitching: RHP Cayson White
Batting: SHB Bentley Heider 0-0: Ball
1-0: SINGLE (Line Drive, 5D, EV 99.4 MPH)
Batting: LHB Josh Vaughan 0-0: Fielders Choice at 2nd, 4-6 (Groundball, 4, EV 81.2 MPH)
Batting: RHB Yordanys Marte 0-0: Ball
1-0: Ball
2-0: Foul Ball, location: 2F
2-1: SINGLE (Groundball, 6MD, EV 103.1 MPH)
Josh Vaughan to second
Batting: LHB Ken Foster 0-0: Fly out, F8 (Flyball, 8LM, EV 90.6 MPH)
Batting: SHB Trent Carter 0-0: Ball
1-0: Foul Ball, location: 2F
1-1: Foul Ball, location: 2F
1-2: Strikes out swinging
Bottom of the 6th over - 0 runs, 2 hits, 0 errors, 2 left on base; Columbia 1 - Columbus 3
TOP OF THE 7TH
Columbia Fireflies batting - Pitching for Columbus Catfish : LHP Marco Avila
Batting: RHB Lonzo Soper 0-0: Called Strike
0-1: Swinging Strike
0-2: Strikes out swinging
Batting: RHB Josh Hannes 0-0: Ball
1-0: Ball
2-0: Called Strike
2-1: Foul Ball, location: 2F
2-2: Ball
3-2: Strikes out swinging
Batting: RHB Cy Méndez 0-0: Called Strike
0-1: Ball
1-1: Swinging Strike
1-2: Strikes out swinging, 2-3 out at first.
Top of the 7th over - 0 runs, 0 hits, 0 errors, 0 left on base; Columbia 1 - Columbus 3
BOTTOM OF THE 7TH
Columbus Catfish batting - Pitching for Columbia Fireflies : RHP Cayson White
Batting: RHB Iravan Logsdon 0-0: Foul Ball, location: 2F
0-1: Ball
1-1: Swinging Strike
1-2: Ball
2-2: Strikes out swinging
Batting: SHB Dylan Drammeh 0-0: Called Strike
0-1: Foul Ball, location: 2F
0-2: SINGLE (Groundball, 6D, EV 103.1 MPH)
Batting: LHB Gordon Gladfelter 0-0: Ball
1-0: Fly out, F7 (Flyball, 78S, EV 78.8 MPH)
Batting: RHB Alex Hill 0-0: Called Strike
0-1: Foul Ball, location: 2F
0-2: Ball
1-2: Foul Ball, location: 2F
1-2: Ball
2-2: Ball
3-2: Foul Ball, location: 2F
3-2: Strikes out swinging
Bottom of the 7th over - 0 runs, 1 hit, 0 errors, 1 left on base; Columbia 1 - Columbus 3
TOP OF THE 8TH
Columbia Fireflies batting - Pitching for Columbus Catfish : LHP Marco Avila
Pitching: LHP Cody Atkins
Batting: SHB Michael Skinner 0-0: Ball
1-0: Called Strike
1-1: Fly out, F7 (Flyball, 78M, EV 88.1 MPH)
Batting: RHB Prospero Tortola 0-0: Ball
1-0: Ball
2-0: Swinging Strike
2-1: Fly out, F9 (Flyball, 9D, EV 91.9 MPH)
Batting: RHB Jackson Maul 0-0: Ball
1-0: Ball
2-0: Called Strike
2-1: Foul Ball, location: 2F
2-2: Strikes out looking
Top of the 8th over - 0 runs, 0 hits, 0 errors, 0 left on base; Columbia 1 - Columbus 3
BOTTOM OF THE 8TH
Columbus Catfish batting - Pitching for Columbia Fireflies : RHP Cayson White
Pitching: LHP Neil Jaime
Batting: SHB Bentley Heider 0-0: Called Strike
0-1: Ball
1-1: Called Strike
1-2: Strikes out swinging, 2-3 out at first.
Batting: LHB Josh Vaughan 0-0: Ball
1-0: Called Strike
1-1: Fly out, F7 (Flyball, 7LSF, EV 88.1 MPH)
Batting: RHB Yordanys Marte 0-0: Fly out, F9 (Flyball, 9LSF, EV 88.1 MPH)
Bottom of the 8th over - 0 runs, 0 hits, 0 errors, 0 left on base; Columbia 1 - Columbus 3
TOP OF THE 9TH
Columbia Fireflies batting - Pitching for Columbus Catfish : LHP Cody Atkins
Pitching: RHP Stone Tang
Now at 1B: Bill Patterson
Now in RF: Colt Ellis
Batting: SHB Werner Gather 0-0: Called Strike
0-1: Ball
1-1: Ball
2-1: Foul Ball, location: 2F
2-2: SINGLE (Line Drive, 7S, EV 109.4 MPH)
Batting: RHB Steele Rodgers 0-0: Fly out, F7 (Flyball, 7, EV 90.0 MPH)
Batting: LHB Cosmo Cullum 0-0: Called Strike
0-1: Ball
1-1: Called Strike
1-2: Foul Ball, location: 2F
1-2: Ball
2-2: Foul Ball, location: 2F
2-2: Ball
3-2: Base on Balls
Werner Gather to second
Pinch Hitting: LHB Ben Stockwell 0-0: Ball
1-0: Called Strike
1-1: Foul Ball, location: 2F
1-2: Ball
2-2: Ball
3-2: Fly out, F3 (Line Drive, 34, EV 68.8 MPH)
Batting: RHB Josh Hannes 0-0: Swinging Strike
0-1: Swinging Strike
0-2: Ball
1-2: Strikes out swinging
Top of the 9th over - 0 runs, 1 hit, 0 errors, 2 left on base; Columbia 1 - Columbus 3
Monday, April 29th , 2024 - OOTP Baseball 24.11 Build 85